 Dungeon Crawl Stone Soup version 0.30-a0-223-gcb0039aa0c (webtiles) character file.

Game seed: 6931704266592489291

112520 freelancePsychic the Warrior (level 16, -14/144 HPs)
             Began as a Demonspawn Hexslinger on Oct 9, 2022.
             Was the Champion of Cheibriados.
             Killed from afar by a deep elf knight (44 damage)
             ... with a shard of ice
             ... on level 2 of the Elven Halls on Oct 10, 2022.
             The game lasted 00:42:27 (22698 turns).

freelancePsychic the Warrior (DsHs)                Turns: 22698, Time: 00:42:27

Health: -14/144    AC: 24    Str: 32    XL:     16   Next: 11%
Magic:  18/23      EV: 16    Int: 31    God:    Cheibriados [******]
Gold:   3815       SH: 16    Dex: 31    Spells: 16/17 levels left

rFire   + + .      SeeInvis +    k - +8 trident of the Octopus King {venom, rElec rPois}
rCold   . . .      Faith    .    G - +0 kite shield
rNeg    . . .      Spirit   .    q - +1 fire dragon scales
rPois   +          Reflect  .    d - +2 helmet {SInv}
rElec   +          Harm     .    (cloak unavailable)
rCorr   .          Rampage  .    s - +2 pair of gloves {hurl}
Will    +....                    O - +1 pair of boots
Stlth   +.........               j - amulet of magic regeneration
HPRegen 0.44/turn                c - ring of Xom's Ringing Laughter {Fly rC+ Str+2}
MPRegen 0.58/turn                x - +4 ring of evasion

@: mighty, flying, very slow
A: rugged brown scales 2, powered by pain 3, spiny 2, weakness stinger 3
a: Renounce Religion, Bend Time, Temporal Distortion, Slouch, Step From Time


You were on level 2 of the Elven Halls.
You worshipped Cheibriados.
Cheibriados was exalted by your worship.
You visited 4 branches of the dungeon, and saw 21 of its levels.
You visited the Abyss 1 time.
You also visited: Bailey and Volcano.

You collected 3815 gold pieces.

Inventory:

Hand Weapons
 a - a +1 sling
 k - the +8 trident of the Octopus King (weapon) {venom, rElec rPois}
   (You found it on level 2 of the Dungeon)

   It poisons the flesh of those it strikes.
   rElec:     It insulates you from electricity.
   rPois:     It protects you from poison.
Missiles
 u - a silver boomerang
 H - 11 boomerangs
 I - 21 javelins
 K - 5 silver javelins
Armour
 d - a +2 helmet of see invisible (worn)
 e - a +1 tower shield of fire resistance
 q - +1 fire dragon scales (worn)
 s - a +2 pair of gloves of hurling (worn)
 G - a +0 kite shield (worn)
 O - a +1 pair of boots (worn)
Jewellery
 c - the ring of Xom's Ringing Laughter (left hand) {Fly rC+ Str+2}
   (You found it on level 3 of the Lair of Beasts)

   [ring of flight]

   Str:       It affects your strength (+2).
   rC:        It protects you from cold.
   Fly:       It grants you flight.
 j - an amulet of magic regeneration (around neck)
 r - a ring of fire
 x - a +4 ring of evasion (right hand)
 E - a +4 ring of evasion
 J - a ring of magical power
 L - a ring of willpower
 Q - a ring of protection from fire
 S - a ring of fire
Wands
 y - a wand of iceblast (3)
 C - a wand of quicksilver (14)
 T - a wand of charming (4)
 X - a wand of flame (23)
 Z - a wand of mindburst (5)
Scrolls
 b - a scroll of brand weapon
 f - a scroll of summoning
 g - 3 scrolls of amnesia
 l - a scroll of identify {@r1}
 m - 8 scrolls of blinking
 t - 5 scrolls of teleportation {@r4}
 z - 6 scrolls of immolation
 B - 3 scrolls of fear
 D - 2 scrolls of enchant weapon
 F - a scroll of torment
 N - 3 scrolls of fog
 P - 2 scrolls of enchant armour
 W - 2 scrolls of poison
Potions
 i - a potion of magic
 n - 3 potions of heal wounds {@q2}
 o - 4 potions of might
 p - 3 potions of cancellation
 v - 5 potions of attraction
 w - 8 potions of flight
 A - 2 potions of curing {@q1}
 M - 2 potions of mutation
 R - 2 potions of lignification
 U - a potion of berserk rage
 V - 4 potions of brilliance
Miscellaneous
 h - a tin of tremorstones (2/2)
 Y - a phial of floods (inert)


   Skills:
 + Level 16.0 Fighting
 - Level 14.0 Polearms
 - Level 2.2 Ranged Weapons
 + Level 2.0 Throwing
 - Level 11.3 Armour
 - Level 3.0 Dodging
 + Level 12.0 Shields
 - Level 1.0 Spellcasting
 - Level 3.0 Hexes
 - Level 10.5 Invocations


You had 16 spell levels left.
You knew the following spells:

 Your Spells              Type           Power      Damage    Failure   Level
a - Slow                  Hex            80%        N/A       10%         1

Your spell library contained the following spells:

 Spells                   Type           Power      Damage    Failure   Level
 Ensorcelled Hibernation  Hex/Ice        20%        N/A       26%         2
 Kiss of Death            Conj/Necr      4%         2d5       32%         1
 Magic Dart               Conj           4%         1d3       32%         1
 Necrotise                Necr           4%         1d4       32%         1
 Sandblast                Erth           2%         2d4       32%         1
 Shock                    Conj/Air       4%         1d3       32%         1
 Blink                    Tloc           2%         N/A       43%         2
 Momentum Strike          Conj/Tloc      2%         3d8       43%         2
 Passwall                 Tmut/Erth      0%         N/A       43%         2
 Dazzling Flash           Conj/Hex       20%        N/A       45%         3
 Inner Flame              Hex/Fire       10%        N/A       45%         3
 Portal Projectile        Hex/Tloc       20%        N/A       45%         3
 Summon Guardian Golem    Hex/Summ       10%        N/A       45%         3
 Lesser Beckoning         Tloc           2%         N/A       67%         3
 Ozocubu's Armour         Ice            1%         N/A       67%         3
 Stone Arrow              Conj/Erth      2%         3d7       67%         3
 Swiftness                Air            1%         N/A       67%         3
 Vampiric Draining        Necr           1%         2d6       67%         3
 Cause Fear               Hex            10%        N/A       67%         4
 Airstrike                Air            0%         2d(1-17)  97%         4
 Flame Wave               Conj/Fire      1%         2d4       97%         4
 Iskenderun's Mystic Bla  Conj/Tloc      1%         2d3       97%         4
 Metabolic Englaciation   Hex/Ice        5%         N/A       99%         5
 Agony                    Necr           1%         N/A       100%        5
 Fireball                 Conj/Fire      0%         3d3       100%        5
 Iskenderun's Battlesphe  Conj           1%         2d6       100%        5
 Summon Forest            Summ/Tloc      0%         N/A       100%        5
 Conjure Ball Lightning   Conj/Air       0%         3x3d6     100%        6
 Eringya's Noxious Bog    Tmut/Pois      0%         N/A       100%        6
 Simulacrum               Ice/Necr       0%         N/A       100%        6
 Starburst                Conj/Fire      0%         6d3       100%        6
 Orb of Destruction       Conj           0%         9d5       100%        7
 Spellforged Servitor     Conj/Summ      0%         N/A       100%        7
 Summon Hydra             Summ           0%         N/A       100%        7


Dungeon Overview and Level Annotations

Branches:
Dungeon (12/15)            Temple (0/1) D:7            Lair (5/5) D:9
  Swamp (0/4) Lair:3       Spider (0/4) Lair:3        Slime (0/5) Lair:5
    Orc (2/2) D:10            Elf (2/3) Orc:2        Bailey (visited)
Volcano (visited)

Altars:
Cheibriados
Dithmenos
Gozag
Okawaru
Trog

Shops:
D:9 [   Orc:2 *[:!(   Elf:1 [

Portals:
Abyss: D:3

Annotations:
D:2 Jessica
D:3 2 transporters, greasedhog's ghost, amateur GrEn
D:5 3 runed translucent doors, Bediveer's ghost, novice HuHu
D:12 Erolcha
Lair:5 exclusion: obsidian statue


Innate Abilities, Weirdness & Mutations

You are mostly covered in rugged brown scales. (AC +2, +5% HP)
You are powered by pain.
You are mostly covered in sharp spines.
You have a sharp stinger which inflicts weakening toxins.


Message History

Press: ? - help, Dir - move target, f - deep elf archer
Aim: a deep elf archer, wielding a +0 short sword and wearing a +0 leather armour (moderately wounded, repelling missiles, about 29% to evade the +8 trident of the Octopus King)
You reach to attack!
You puncture the deep elf archer!
The deep elf archer is poisoned.
The deep elf archer is heavily wounded.
The deep elf archer points at you and mumbles some strange words.
You are confused.
The deep elf knight mumbles some strange words.
The deep elf knight seems to speed up.
The deep elf archer gestures wildly while chanting.
The deep elf archer blinks!
You're too confused to aim your attacks!
Unknown command.
You feel better.
The deep elf pyromancer casts a spell.
The deep elf archer unwields a +0 short sword.
The deep elf archer wields a +0 shortbow.
The deep elf archer shoots an arrow.
You block the arrow.
You closely miss the deep elf knight.
The deep elf knight casts a spell at you.
The lance of force hits you!!
* * * LOW HITPOINT WARNING * * *
You are knocked back by the lance of force.
You slam into the rock wall!
Aim the phial where?
Press: ? - help, Shift-Dir - straight line, f - deep elf pyromancer, p - deep elf archer
Aim: a deep elf pyromancer, wielding a +0 short sword The torrent of water misses the deep elf knight.
The torrent of water hits the deep elf pyromancer!
The deep elf pyromancer is moderately wounded.
The deep elf pyromancer is knocked back by the torrent of water.
The wave splashes down.
The deep elf pyromancer is engulfed in water.
You hear a shout!
The deep elf knight shoots an arrow.
The arrow hits you!
* * * LOW HITPOINT WARNING * * *
The deep elf archer shoots an arrow.
The arrow hits you but does no damage.
The deep elf knight gestures at you while chanting.
The shard of ice hits you!!!
You die...

... ##.##
... ##.####
..[ ##.#.#
########'.##
'......'[..#
#..#.##...#
# #..###'##
#..# #....#
#..#@...#
#..)))#.#
#...e##e.#
#..## ~~#
.)## #e# #.
.E# . .☼ ..
..


You could see a deep elf archer (repels missiles, very poisoned), a deep elf
knight (fast), a deep elf pyromancer (waterlogged) and a fire elemental
(summoned).

Vanquished Creatures
  2 tentacled starspawn (Abyss:2)
  A deep elf sorcerer (Elf:1)
  An orc warlord (Orc:2)
  A deep elf demonologist (Elf:2)
  4 dire elephants (Lair:5)
  A deep elf death mage (Elf:1)
  6 hydras
  A catoblepas (Lair:4)
  2 boulder beetles
  An ogre mage (D:10)
  4 two-headed ogres
  4 orc high priests
  Erica (D:9)
  24 death yaks
  A thrashing horror (D:12)
  4 deep elf knights
  A sun demon (Abyss:2)
  Amaemon (Lair:3)
  A spectral death yak (Lair:5)
  Lodul (D:11)
  A glowing orange brain (Abyss:2)
  2 lindwurms (Volcano)
  6 deep elf zephyrmancers
  16 deep elf pyromancers
  4 necromancers (Lair:5)
  5 deep elf archers
  5 orc knights
  2 large abominations (Abyss:2)
  A harpy (shapeshifter) (Elf:2)
  5 orc sorcerers
  2 cyclopes
  An elephant (shapeshifter) (D:10)
  2 manticores (D:11)
  30 elephants
  A toenail golem (Volcano)
  3 torpor snails
  3 molten gargoyles (Volcano)
  2 orange demons
  4 black mambas
  A gargoyle (D:12)
  2 dire elephant skeletons (Lair:5)
  10 cane toads
  2 rime drakes (Lair:5)
  2 efreet (Volcano)
  2 ancient zymes (Abyss:2)
  8 komodo dragons
  A harpy zombie (Abyss:2)
  6 polar bears
  5 trolls
  3 spectral elephants (Lair:5)
  3 slime creatures (D:10)
  3 raiju (Abyss:2)
  4 blink frogs (Lair:4)
  2 shadows
  A vampire (D:9)
  3 wraiths
  A dire elephant simulacrum (Lair:5)
  3 wyverns
  A ynoxinul (Abyss:2)
  A basilisk (Lair:5)
  An unseen horror simulacrum (D:10)
  61 yaks
  3 fire elementals
  Grum (D:10)
  7 wargs
  5 small abominations (Abyss:2)
  2 spectral cane toads (Lair:5)
  A steam dragon (Lair:2)
  Menkaure (D:5)
  An acid dragon (D:11)
  Edmund (D:5)
  3 hell hounds (D:12)
  21 water moccasins
  27 orc warriors
  An elephant zombie (Lair:5)
  4 ice beasts
  A sky beast (D:7)
  2 black bears
  14 ogres
  13 wolves
  4 centaurs
  An elephant skeleton (Lair:5)
  2 phantoms
  4 kobold brigands
  2 gnoll sergeants (D:8)
  6 bullfrogs
  4 earth elementals
  3 necrophages
  A cane toad simulacrum (Lair:5)
  6 scorpions
  3 wights (D:10)
  An elephant simulacrum (Lair:5)
  22 killer bees
  3 howler monkeys
  8 electric eels
  4 hounds
  2 gnoll boudas (D:7)
  7 orc priests
  Ijyb (D:5)
  3 iguanas
  16 orc wizards
  A mummy (D:11)
  18 gnolls
  5 adders
  2 white imps
  4 worms
  4 dart slugs
  58 orcs
  2 bats
  2 endoplasms
  5 giant cockroaches
  11 goblins
  4 hobgoblins
  2 jackals (D:3)
  19 kobolds
  3 quokkas (D:2)
  6 ball pythons
  A frilled lizard (D:1)
  10 rats
  6 fire vortices (Volcano)
  A starspawn tentacle (Abyss:2)
658 creatures vanquished.

Vanquished Creatures (collateral kills)
  A bone dragon (Abyss:2)
1 creature vanquished.

Vanquished Creatures (others)
  5 bushes (D:12)
  65 fungi
  50 plants
  2 starspawn tentacles (Abyss:2)
  21 withered plants (Lair:5)
143 creatures vanquished.

Grand Total: 802 creatures vanquished

Notes
Turn   | Place    | Note
-------+----------+-------------------------------------------
     0 | D:1      | freelancePsychic the Demonspawn Hexslinger began the quest
                  | for the Orb.
     0 | D:1      | Reached XP level 1. HP: 15/15 MP: 2/2
   247 | D:1      | Gained mutation: You are partially covered in sharp spines.
                  | [demonic ancestry]
   247 | D:1      | Reached XP level 2. HP: 21/21 MP: 3/3
   722 | D:1      | Found a faded altar of an unknown god.
   725 | D:1      | Prayed at the altar of an unknown god.
   725 | D:1      | Became a worshipper of Cheibriados the Contemplative
   725 | D:1      | Reached * piety under Cheibriados
   942 | D:2      | Reached skill level 2 in Fighting
   942 | D:2      | Reached skill level 1 in Invocations
   942 | D:2      | Found the +8 trident of the Octopus King {venom, rElec
                  | rPois}
   956 | D:2      | Noticed Jessica
  1130 | D:2      | Gained mutation: You are partially covered in rugged brown
                  | scales. (AC +1, +3% HP) [demonic ancestry]
  1130 | D:2      | Reached XP level 3. HP: 18/27 MP: 4/4
  1444 | D:2      | Reached skill level 1 in Polearms
  1468 | D:2      | Identified 3 scrolls of acquirement
  1468 | D:2      | Acquired 406 gold pieces
  1470 | D:2      | Acquired a +1 pair of gloves of hurling
  1477 | D:2      | Acquired 921 gold pieces
  1575 | D:2      | Reached ** piety under Cheibriados
  1866 | D:3      | Gained mutation: You sometimes gain a little power by
                  | taking damage. [demonic ancestry]
  1866 | D:3      | Reached XP level 4. HP: 33/35 MP: 5/5
  1948 | D:3      | Found a one-way gate to the infinite horrors of the Abyss.
  1948 | D:3      | Noticed greasedhog's ghost (amateur GrEn)
  1956 | D:3      | Noticed a small abomination
  1965 | D:3      | Found a transporter.
  1985 | D:3      | Found a transporter.
  2350 | D:3      | Noticed a necrophage
  2361 | D:3      | Killed a necrophage
  2362 | D:3      | Reached skill level 3 in Fighting
  2362 | D:3      | Gained mutation: You have a small tail. [demonic ancestry]
  2362 | D:3      | Reached XP level 5. HP: 35/42 MP: 5/7
  2837 | D:4      | Found an iron altar of Okawaru.
  3371 | D:4      | Found a bloodstained altar of Trog.
  3482 | D:5      | Entered Level 5 of the Dungeon
  3507 | D:5      | Gained mutation: You are mostly covered in sharp spines.
                  | [demonic ancestry]
  3507 | D:5      | Reached XP level 6. HP: 48/48 MP: 8/8
  3589 | D:5      | Noticed Menkaure
  3591 | D:5      | Found a runed translucent gate.
  3592 | D:5      | Found a runed translucent gate.
  3592 | D:5      | Found an opulent altar of Gozag.
  3594 | D:5      | Killed Menkaure
  3688 | D:5      | Reached XP level 7. HP: 39/54 MP: 10/10
  3753 | D:5      | Reached skill level 4 in Fighting
  3771 | D:5      | Noticed Edmund
  3777 | D:5      | Killed Edmund
  3778 | D:5      | Reached skill level 5 in Invocations
  3890 | D:5      | Noticed Ijyb
  3895 | D:5      | Killed Ijyb
  3901 | D:5      | Reached skill level 5 in Polearms
  4082 | D:5      | Found a runed translucent gate.
  4099 | D:5      | Noticed Bediveer's ghost (novice HuHu)
  4269 | D:6      | Reached *** piety under Cheibriados
  4406 | D:6      | Reached XP level 8. HP: 54/62 MP: 12/12
  4535 | D:6      | Reached skill level 5 in Fighting
  5111 | D:6      | Reached skill level 6 in Fighting
  5111 | D:6      | Gained mutation: You sometimes gain power by taking damage.
                  | [demonic ancestry]
  5111 | D:6      | Reached XP level 9. HP: 69/71 MP: 13/13
  5169 | D:7      | Found a shadowy altar of Dithmenos.
  5181 | D:7      | Reached **** piety under Cheibriados
  5267 | D:7      | Found a staircase to the Ecumenical Temple.
  6524 | D:8      | Reached ***** piety under Cheibriados
  6662 | D:8      | Reached skill level 1 in Shields
  7458 | D:9      | Reached skill level 7 in Fighting
  7477 | D:9      | Noticed a two-headed ogre
  7484 | D:9      | Killed a two-headed ogre
  7485 | D:9      | Reached XP level 10. HP: 72/81 MP: 15/15
  7553 | D:9      | Noticed a death yak
  7558 | D:9      | Noticed a death yak
  7561 | D:9      | Noticed a death yak
  7568 | D:9      | Killed a death yak
  7582 | D:9      | Killed a death yak
  7583 | D:9      | Reached skill level 10 in Polearms
  7584 | D:9      | Killed a death yak
  7585 | D:9      | Reached skill level 8 in Fighting
  7599 | D:9      | Found a staircase to the Lair.
  7629 | D:9      | Noticed Erica
  7633 | D:9      | Killed Erica
  7663 | D:9      | Found a flagged portal.
  7670 | Bailey   | Entered a bailey
  7803 | Bailey   | Reached XP level 11. HP: 56/89 MP: 16/16
  7926 | Bailey   | Identified the +0 storm dragon scales of Melancholy {Harm
                  | rElec Int+4 Dex+4}
  7939 | Bailey   | Noticed an orc knight
  7955 | Bailey   | Killed an orc knight
  7956 | Bailey   | Reached skill level 5 in Shields
  8534 | D:9      | Found Syaploon's Antique Armour Emporium.
  8735 | D:10     | Entered Level 10 of the Dungeon
  8735 | D:10     | Noticed Grum
  8863 | D:10     | Killed Grum
  8864 | D:10     | Reached skill level 1 in Armour
  8911 | D:10     | Reached skill level 9 in Fighting
  9103 | D:10     | Found a staircase to the Orcish Mines.
  9358 | D:10     | Noticed a two-headed ogre
  9365 | D:10     | Noticed an ogre mage
  9369 | D:10     | Killed a two-headed ogre
  9388 | D:10     | Paralysed by an ogre mage for 3 turns
  9396 | D:10     | Killed an ogre mage
 10186 | D:11     | Noticed Lodul
 10190 | D:11     | Reached skill level 10 in Fighting
 10193 | D:11     | Killed Lodul
 10194 | D:11     | Reached XP level 12. HP: 46/99 MP: 17/17
 10400 | D:11     | Found a snail-covered altar of Cheibriados.
 10750 | D:11     | Noticed a two-headed ogre
 10755 | D:11     | Killed a two-headed ogre
 11046 | D:11     | Noticed a two-headed ogre
 11050 | D:11     | Killed a two-headed ogre
 11219 | D:12     | Reached skill level 5 in Armour
 11509 | D:12     | Reached ****** piety under Cheibriados
 11575 | D:12     | Noticed Erolcha
 11585 | Abyss:2  | Cast into level 2 of the Abyss (Erolcha)
 11758 | Abyss:2  | Noticed a tentacled starspawn
 11857 | Abyss:2  | Killed a tentacled starspawn
 11889 | Abyss:2  | Reached skill level 11 in Fighting
 11970 | Abyss:2  | Noticed a tentacled starspawn
 11982 | Abyss:2  | Killed a tentacled starspawn
 12019 | Abyss:2  | Noticed a bone dragon
 12032 | Abyss:2  | Killed a bone dragon
 12033 | Abyss:2  | Gained mutation: You have a tail ending in a sharp stinger.
                  | [demonic ancestry]
 12033 | Abyss:2  | Reached XP level 13. HP: 109/109 MP: 18/18
 12035 | D:12     | Escaped the Abyss
 12289 | Lair:1   | Entered Level 1 of the Lair of Beasts
 13189 | Lair:2   | Reached skill level 12 in Fighting
 13708 | Lair:2   | Identified the +1 scale mail "Meutuonk" {Str+2}
 14092 | Lair:3   | Found a staircase to the Swamp.
 14101 | Lair:3   | Noticed Amaemon
 14110 | Lair:3   | Killed Amaemon
 14383 | Lair:3   | Found a hole to the Spider Nest.
 14512 | Lair:3   | Reached skill level 13 in Fighting
 14663 | Lair:3   | Gained mutation: You have a sharp stinger which inflicts
                  | weakening toxins. [demonic ancestry]
 14663 | Lair:3   | Reached XP level 14. HP: 85/121 MP: 19/19
 14903 | Lair:3   | Identified the ring of Xom's Ringing Laughter {Fly rC+
                  | Str+2}
 16018 | Lair:5   | Entered Level 5 of the Lair of Beasts
 16756 | Lair:5   | Reached skill level 10 in Armour
 16851 | Lair:5   | Reached skill level 14 in Fighting
 17129 | Lair:5   | Identified the +1 robe "Inoyc" {Contam Int+6 Dex+3}
 17327 | Lair:5   | Reached skill level 10 in Shields
 17511 | Lair:5   | Gained mutation: You are mostly covered in rugged brown
                  | scales. (AC +2, +5% HP) [demonic ancestry]
 17511 | Lair:5   | Reached XP level 15. HP: 67/133 MP: 20/20
 17984 | Lair:5   | Found a staircase to the Slime Pits.
 19242 | Orc:1    | Entered Level 1 of the Orcish Mines
 19289 | Orc:2    | Entered Level 2 of the Orcish Mines
 19289 | Orc:2    | Found Abiryl's Book Emporium.
 19299 | Orc:2    | Reached skill level 15 in Fighting
 19323 | Orc:2    | Found a staircase to the Elven Halls.
 19339 | Orc:2    | Found Saar's Antique Weapon Shoppe.
 19573 | Orc:1    | Found a dark tunnel.
 19578 | Volcano  | Entered a volcano
 20169 | Orc:2    | Found Cerun's Antique Armour Emporium.
 20202 | Orc:2    | Found Uluc's Distillery.
 20399 | Orc:2    | Found Fozxuliqe's General Store.
 21095 | Elf:1    | Entered Level 1 of the Elven Halls
 21258 | Elf:1    | Paralysed by an orc sorcerer for 2 turns
 21676 | Elf:1    | Reached skill level 10 in Invocations
 21725 | Elf:1    | Noticed a deep elf sorcerer
 21729 | Elf:1    | Killed a deep elf sorcerer
 21733 | Elf:1    | Got the Grimoire of Hedging
 21806 | Elf:1    | Found Vaaleexi's Antique Armour Shop.
 22192 | Elf:2    | Gained mutation: You are powered by pain. [demonic
                  | ancestry]
 22192 | Elf:2    | Reached XP level 16. HP: 105/144 MP: 23/23
 22384 | Elf:2    | Reached skill level 1 in Throwing
 22681 | Elf:2    | Reached skill level 16 in Fighting
 22698 | Elf:2    | Killed from afar by a deep elf knight

Illustrated notes

Levels and vault maps discovered:
D:1:      scummos_arrival_hexagon, layout_loops_ring,
          hellmonk_ecumenical_altar_inner_sanctum, minmay_hedge_maze
D:2:      layout_basic, minmay_tetromino_t4, uniq_jessica
D:3:      layout_loops_corners, gammafunk_ghost_abyssal_escape,
          dreamdust_princess_bridge, minmay_pentomino_pile
D:4:      layout_basic, old_standard_altar, lightli_temple_of_fire
D:5:      layout_cave_pools, ebering_ghost_gozag, minmay_misc_feat_four_crosses,
          uniq_menkaure, uniq_edmund, uniq_ijyb
D:6:      layout_loops_corners, mainiacjoe_overflow_chevrons,
          minmay_strange_pillars
D:7:      layout_gridville, nicolae_dithmenos_the_darkroom,
          minmay_temple_entry_tees
D:8:      layout_layer_cave, nicolae_grassy_gnolls
D:9:      layout_loops_ring, dpeg_lair_monsters, serial_shops,
          nicolae_shop_hallway_plus, enter_bailey_3, uniq_erica
D:10:     minmay_bloctagon, layout_loops_corners, uniq_grum
D:11:     layout_cave_pods, slow_altar_1, uniq_lodul
D:12:     minmay_klotski, layout_rooms, minmay_rotating_lava, uniq_erolcha
Lair:1:   layout_chaotic_city
Lair:2:   layout_chaotic_city, gammafunk_lair_bear_cave, lemuel_fruit_tree
Lair:3:   layout_long_grid, minmay_swamp_entry_eels,
          nicolae_spider_entry_non_spiders, uniq_amaemon
Lair:4:   dreamdust_cave_troll, layout_regular_city
Lair:5:   due_jungle_book, layout_loops_ring, slime_entry_1, grunt_megastairs_1
Orc:1:    layout_caves, enter_volcano_1, basic_altar
Orc:2:    grunt_orc_gardens, layout_caves, grunt_orc_garden, grunt_orc_garden,
          grunt_orc_garden, grunt_orc_garden, basic_altar, serial_shops, shop,
          nicolae_orc_flooded_monolith
Elf:1:    eino_elf_arrival_customs, layout_onion_city, serial_shops,
          nicolae_diamond_shop, minmay_elf_annihilation
Elf:2:    nicolae_elf_blades_crystal_corner, layout_geoelf_grid, serial_sigils,
          serial_sigils_hangedman_etch, serial_sigils_hangedman_gnaw,
          serial_sigils_hangedman_leer, serial_sigils_hangedman_gut

Skill      XL: |  1  2  3  4  5  6  7  8  9 10 11 12 13 14 15 16 |
---------------+-------------------------------------------------+-----
Ranged Weapons | 2 |  2.2
Fighting       | 2 3 4 6 7 8 10 11 13 14 15 16 | 16.0
Invocations    | 1 2 3 4 5 6 7 10 | 10.5
Polearms       | 1 2 3 4 5 7 9 10 12 14 | 14.0
Dodging        | 3 |  3.0
Shields        | 2 4 5 8 10 11 12 | 12.0
Armour         | 4 6 8 10 11 | 11.3
Throwing       | 2 |  2.0
Spellcasting   | |  1.0
Hexes          | |  3.0

Action                   |  1- 3 |  4- 6 |  7- 9 | 10-12 | 13-15 | 16-18 || total
-------------------------+-------+-------+-------+-------+-------+-------++-------
Melee: Trident           |    24 |    57 |   191 |   411 |  1282 |    44 ||  2009
       Punch             |       |     1 |     1 |       |       |       ||     2
       Tailslap          |       |     3 |    25 |    63 |   302 |     7 ||   400
 Fire: Sling             |    44 |       |       |       |       |       ||    44
 Cast: Slow              |       |       |       |     1 |       |       ||     1
Invok: Bend Time         |       |       |     1 |     1 |       |       ||     2
       Slouch            |       |       |       |     5 |     5 |     2 ||    12
       Temporal Distorti |       |       |       |     1 |       |     1 ||     2
Evoke: Wand              |       |       |       |     2 |     1 |       ||     3
       Tin of tremorston |       |       |       |       |     2 |       ||     2
       Phial of floods   |       |       |       |       |     1 |     1 ||     2
  Use: Scroll            |     9 |     2 |     8 |    11 |    16 |       ||    46
       Potion            |       |       |       |    12 |     1 |     2 ||    15
 Stab: Sleeping          |     3 |       |     4 |       |       |       ||     7
       Distracted        |       |     1 |       |       |       |       ||     1
       Invisible         |       |       |       |     7 |       |       ||     7
Armor: Robe              |     2 |     4 |       |       |       |       ||     6
       Leather armour    |       |       |    13 |       |       |       ||    13
       Chain mail        |       |       |    39 |    18 |       |       ||    57
       Plate armour      |       |       |       |    78 |   320 |       ||   398
       Fire dragon scale |       |       |       |       |    58 |    12 ||    70
Dodge: Dodged            |    20 |    25 |    68 |   115 |   452 |     7 ||   687
Block: Kite shield       |       |       |    19 |   188 |   719 |    27 ||   953

Table legend: (Time is in decaauts)
 A = Elapsed time spent in this place.
 B = Non-inter-level travel time spent in this place.
 C = Inter-level travel time spent in this place.
 D = Time resting spent in this place.
 E = Time spent auto-exploring this place.
 F = Levels seen in this place.
 G = Mean time per level.
                   A        B        C        D        E       F      G
               +--------+--------+--------+--------+--------+-----+--------+
         Total |  33495 |  31619 |   1876 |   1179 |  25989 |  24 | 1395.6 |
       Dungeon |  16684 |  15493 |   1191 |    317 |  13310 |  12 | 1390.3 |
          Lair |  10218 |   9771 |    447 |    467 |   7999 |   5 | 2043.6 |
  Orcish Mines |   2378 |   2177 |    201 |    148 |   1625 |   2 | 1189.0 |
   Elven Halls |   2518 |   2482 |     36 |      0 |   2127 |   2 | 1259.0 |
         Abyss |    511 |    511 |      0 |     84 |    261 |   1 |  511.0 |
        Bailey |    700 |    700 |      0 |    163 |    343 |   1 |  700.0 |
       Volcano |    483 |    483 |      0 |      0 |    322 |   1 |  483.0 |
               +--------+--------+--------+--------+--------+-----+--------+

Top non-repeatable levels by time:
  Lair:5: 3570 daAuts
    D:10: 2108 daAuts
     D:8: 2005 daAuts
  Lair:4: 1916 daAuts
    D:11: 1901 daAuts
  Lair:3: 1868 daAuts
   Elf:1: 1790 daAuts
     D:6: 1495 daAuts
  Lair:2: 1440 daAuts
  Lair:1: 1421 daAuts
     D:9: 1410 daAuts
     D:7: 1398 daAuts
     D:3: 1361 daAuts
     D:2: 1330 daAuts
   Orc:2: 1280 daAuts
